 Dungeon Crawl Stone Soup version 0.27-a0-277-g024f7ef292 (webtiles) character file.

Game seed: 1467447428792702364

86 KristoblXynda the Sneak (level 4, -1/33 HPs)
             Began as a Vampire Brigand on Feb 5, 2021.
             Slain by a goblin
             ... wielding a +1 dagger of venom
             ... led by Robin
              (4 damage)
             ... on level 3 of the Dungeon.
             The game lasted 00:04:44 (1973 turns).

KristoblXynda the Sneak (Vampire Brigand)           Turns: 1973, Time: 00:04:45

Health: -1/33      AC:  3    Str: 11    XL:     4   Next: 27%
Magic:  4/4        EV: 13    Int: 13    God:
Gold:   87         SH:  0    Dex: 15    Spells: 3/3 levels left

rFire    . . .     SeeInvis +   a - +2 dagger
rCold    . . .     Faith    .   (no shield)
rNeg     . . .     Spirit   .   l - +0 robe (curse)
rPois    .         Reflect  .   (no helmet)
rElec    .         Harm     .   c - +0 cloak
rCorr    .         Rampage  .   (no gloves)
Will     .....     Rnd*Tele +   (no boots)
Stlth    +.........             (no amulet)
HPRegen  0.31/turn              m - ring of teleportation (curse)
MPRegen  0.09/turn              (no ring)

@: confused, lethally poisoned (-1 -> -14), regenerating quickly
A: fangs 3, see invisible, unbreathing
a: Exsanguinate


You were on level 3 of the Dungeon.
You visited 1 branch of the dungeon, and saw 3 of its levels.

You collected 87 gold pieces.

Inventory:

Hand Weapons
 a - a +2 dagger (weapon)
Missiles
 e - 2 curare-tipped darts
 g - 21 poisoned darts (quivered)
Armour
 c - a +0 cloak (worn)
 j - a +0 ring mail
 l - a cursed +0 robe (worn)
Jewellery
 m - a cursed ring of teleportation (left hand)
Scrolls
 d - 2 scrolls of teleportation
 f - 2 scrolls of amnesia
 h - a scroll of immolation {unknown}
Potions
 b - a potion of resistance
 i - a potion of lignification
 k - a potion of magic


   Skills:
 - Level 1.7 Fighting
 + Level 3.2 Short Blades
 - Level 2.0 Throwing
 + Level 0.2 Armour
 + Level 2.4 Dodging
 + Level 6.7 Stealth


You had 3 spell levels left.
You didn't know any spells.
Your spell library was empty.

Dungeon Overview and Level Annotations

Branches:
Dungeon (3/15)

Altars:

Annotations:
D:3 Ijyb, Robin


Innate Abilities, Weirdness & Mutations

Your natural rate of healing is unusually fast.
You have razor-sharp teeth.
You have supernaturally acute eyesight. (SInv)
You can survive without breathing.


Message History

The goblin no longer looks unusually strong.
The bat closely misses you. The bat hits you but does no damage.
The goblin hits you.
* * * LOW HITPOINT WARNING * * *
Robin misses you. The goblin hits you but does no damage.
The goblin closely misses you. The goblin barely misses you. x2
The hobgoblin barely misses you. The bat hits you but does no damage.
You hit the hobgoblin.
You kill the hobgoblin!
* * * LOW HITPOINT WARNING * * *
You feel sick.
The goblin no longer looks unusually strong.
The bat barely misses you.
A rat comes into view.
The goblin misses you.
Robin roars a battlecry!
The goblins go into a battle-frenzy!
The goblin barely misses you. x2
The goblin hits you with a +1 dagger of venom.
You die...

#...<....#
...............#
..........$....##
................
...............###
.................
............B..#
..........gggb.#
.........ggg@g.#
.....r...ogbgg.#
..........Sggg.#
...............#
....$..........#
.).............#
.$.............#
.................
..............#..


You could see Ijyb (strong), Robin, an orc wizard (invisible), an adder, a giant
cockroach, a hobgoblin (strong), 10 goblins, 2 bats and a rat (wandering).

Vanquished Creatures
  An adder (D:2)
  3 gnolls (D:2)
  2 oozes (D:2)
  3 worms (D:2)
  An orc (D:3)
  5 goblins
  4 hobgoblins
  5 kobolds
  2 quokkas (D:2)
  A ball python (D:2)
  3 bats
  3 rats
33 creatures vanquished.

Vanquished Creatures (others)
  6 plants (D:2)
  4 toadstools (D:1)
10 creatures vanquished.

Grand Total: 43 creatures vanquished

Notes
Turn   | Place    | Note
-------+----------+-------------------------------------------
     0 | D:1      | KristoblXynda the Vampire Brigand began the quest for the
                  | Orb.
     0 | D:1      | Reached XP level 1. HP: 16/16 MP: 1/1
   215 | D:1      | Reached skill level 6 in Stealth
   379 | D:1      | Reached XP level 2. HP: 22/22 MP: 2/2
  1080 | D:2      | Reached XP level 3. HP: 27/27 MP: 3/3
  1515 | D:2      | Reached XP level 4. HP: 33/33 MP: 4/4
  1958 | D:3      | Noticed Ijyb
  1958 | D:3      | Noticed Robin
  1972 | D:3      | HP: 1/33 [goblin[Robin] (4)]
  1973 | D:3      | Slain by a goblin

Illustrated notes

Levels and vault maps discovered:
D:1:      ldierk_water_garden, layout_basic
D:2:      layout_loops_corners, serial_bayou, serial_bayou_pond_c,
          serial_bayou_ford_a, serial_bayou_shore_a, serial_bayou_pond_c,
          serial_bayou_pond_b
D:3:      layout_basic, chequers_ecumenical_altar_simple_redux,
          uniq_crazy_yiuf_cottage, uniq_ijyb, uniq_jessica, uniq_robin

Skill      XL: |  1  2  3 |
---------------+----------+-----
Stealth        | 6 |  6.7
Dodging        | 2 |  2.4
Short Blades   | 3 |  3.2
Throwing       | 2 |  2.0
Fighting       | |  1.7
Armour         | |  0.2

Action                   |  1- 3 |  4- 6 || total
-------------------------+-------+-------++-------
Melee: Dagger            |    79 |    13 ||    92
       Bite              |     8 |       ||     8
Throw: Dart              |    15 |     5 ||    20
  Use: Scroll            |     5 |       ||     5
       Potion            |       |     1 ||     1
 Stab: Sleeping          |     6 |     3 ||     9
Armor: Robe              |    12 |     9 ||    21
Dodge: Dodged            |    47 |    37 ||    84

Table legend: (Time is in decaauts)
 A = Elapsed time spent in this place.
 B = Non-inter-level travel time spent in this place.
 C = Inter-level travel time spent in this place.
 D = Time resting spent in this place.
 E = Time spent auto-exploring this place.
 F = Levels seen in this place.
 G = Mean time per level.
                   A        B        C        D        E       F      G
               +--------+--------+--------+--------+--------+-----+--------+
         Total |   2001 |   1839 |    162 |    216 |   1045 |   3 |  667.0 |
       Dungeon |   2001 |   1839 |    162 |    216 |   1045 |   3 |  667.0 |
               +--------+--------+--------+--------+--------+-----+--------+

Top non-repeatable levels by time:
     D:2: 1245 daAuts
     D:1: 738 daAuts
     D:3: 17 daAuts
